 Dungeon Crawl Stone Soup version 0.31-a0-7-g51783674b7 (webtiles) character file.

Game seed: 1591090227430809126

3766 Pooter the Cleaver (level 9, -6/123 HPs)
             Began as a Minotaur Berserker on May 5, 2023.
             Was an Elder of Trog.
             Mangled by a boulder beetle (17 damage)
             ... on level 8 of the Dungeon.
             The game lasted 00:38:41 (7208 turns).

Pooter the Cleaver (Minotaur Berserker)             Turns: 7208, Time: 00:38:42

Health: -6/123     AC: 13    Str: 24    XL:     9   Next: 94%
Magic:  0/8        EV:  9    Int:  4    God:    Trog [****..]
Gold:   126        SH:  0    Dex: 12    Spells: 8/8 levels left

rFire   . . .        a - +5 woodcutter's axe
rCold   . . .        (shield currently unavailable)
rNeg    . . .        l - +4 chain mail
rPois   +            (helmet restricted)
rElec   .            (no cloak)
rCorr   .            z - +0 pair of gloves
SInv    .            (no boots)
Will    .....        G - amulet of guardian spirit Stlth
                     P - ring of poison resistance
HPRegen 0.40/turn    (no ring)
MPRegen 0.11/turn

%: guardian spirit
@: berserking (expiring), very quick
A: horns 2, retaliatory headbutt
a: Renounce Religion, Berserk, Trog's Hand, Brothers in Arms


You were on level 8 of the Dungeon.
You worshipped Trog.
Trog was greatly pleased with you.
You visited 1 branch of the dungeon, and saw 9 of its levels.
You also visited: Ossuary.

You collected 517 gold pieces.
You spent 391 gold pieces at shops.

Inventory:

Hand Weapons
 a - the +5 woodcutter's axe (weapon)
   (You found it on level 6 of the Dungeon)
 b - a +3 arbalest
   (You bought it in a shop on level 8 of the Dungeon)
 c - a +1 rapier of flaming
   (You found it on level 6 of the Dungeon)
 g - a +0 trident
   (You found it on level 3 of the Dungeon)
 i - a +0 dire flail
   (You took it off a wight on level 9 of the Dungeon)
 y - a +2 war axe of protection
   (You found it on level 3 of the Dungeon)
 H - a +1 morningstar
   (You took it off a wight on level 6 of the Dungeon)
Missiles
 j - 16 poisoned darts (quivered)
 m - a boomerang
 F - a boomerang of dispersal {!f}
 L - a curare-tipped dart
 Q - 103 stones
Armour
 k - a +0 kite shield
   (You found it on level 2 of the Dungeon)
 l - a +4 chain mail (worn)
   (You found it on level 2 of the Dungeon)
 z - a +0 pair of gloves (worn)
   (You found it on level 6 of the Dungeon)
Jewellery
 G - an amulet of guardian spirit (around neck)
   (You found it on level 8 of the Dungeon)
 P - a ring of poison resistance (left hand)
   (You found it on level 8 of the Dungeon)
Wands
 f - a wand of flame (58)
   (You found it on level 3 of the Dungeon)
 r - a wand of mindburst (3)
   (You took it off a centaur on level 8 of the Dungeon)
 E - a wand of charming (14)
   (You found it on level 7 of the Dungeon)
Scrolls
 e - 2 scrolls of silence
 h - 5 scrolls of fog
 n - 2 scrolls of poison {!r}
 o - 3 scrolls of blinking
 s - 2 scrolls of noise {!r}
 t - 2 scrolls of teleportation {@r4}
 v - a scroll of immolation {!r}
 C - a scroll of fear
 D - a scroll of butterflies
 I - a scroll of magic mapping
Potions
 d - 5 potions of curing {@q1}
 p - 2 potions of heal wounds {@q2}
 q - a potion of attraction {!q}
 u - a potion of mutation {unknown}
 w - 4 potions of flight
 x - 2 potions of invisibility
 A - 2 potions of might
 B - a potion of lignification {!q}
 J - 2 potions of ambrosia {unknown}
 K - a potion of haste {unknown}


   Skills:
 + Level 8.5 Fighting
 * Level 11.4 Axes
 * Level 5.8 Ranged Weapons
 - Level 2.4 Armour
 - Level 2.1 Dodging
 - Level 6.4 Stealth


You had 8 spell levels left.
You didn't know any spells.
Your spell library was empty.

Dungeon Overview and Level Annotations

Branches:
Dungeon (9/15)             Temple (0/1) D:6         Ossuary (visited)
   Lair: D:8-11         Orc: D:9-12

Altars:
Ashenzari
Cheibriados
Dithmenos
Elyvilon
Fedhas
Nemelex Xobeh
Qazlal
Vehumet
The Shining One

Shops:
D:5 ??*!   D:8 (

Annotations:
D:3 3 runed translucent doors, qeuew's ghost, amateur TeBe
D:8 exclusion: statue


Innate Abilities, Weirdness & Mutations

You have a pair of horns on your head.
You reflexively headbutt those who attack you in melee.


Message History

You feel a strong urge to attack something.
You start resting.
You feel your anger nearly subside.
You start resting.
You are no longer berserk.
You are exhausted.
You feel yourself slow down.
You start resting.
You start resting.
You feel yourself speed up.
You start resting.
You recover from your berserk rage.
You start resting.
r - a wand of mindburst (3)
You see here a +0 shortbow.
There is a stone staircase leading down here.
Okay, then.
Unknown command.
You climb downwards.
The troll shouts!
The boulder beetle bites you!! The boulder beetle bites you! x2
* * * LOW HITPOINT WARNING * * *
There is a stone staircase leading up, spattered with blood here.
The boulder beetle bites you!
* * * LOW MAGIC WARNING * * *
* * * LOW HITPOINT WARNING * * *
The boulder beetle bites you but does no damage.
You climb upwards.
Level annotation: exclusion: statue
There is a stone staircase leading down here.
A red film seems to cover your vision as you go berserk!
You feel yourself moving faster!
You feel mighty!
The boulder beetle bites you but does no damage.
The boulder beetle bites you!
* * * LOW HITPOINT WARNING * * *
You hit the boulder beetle.
You hit the boulder beetle but do no damage.
The boulder beetle bites you!
* * * LOW MAGIC WARNING * * *
* * * LOW HITPOINT WARNING * * *
The boulder beetle leaps!
You hit the boulder beetle but do no damage.
The boulder beetle bites you.
* * * LOW HITPOINT WARNING * * *
You slice the boulder beetle!! The boulder beetle barely misses you.
Unknown command.
You hit the boulder beetle but do no damage.
You headbutt the boulder beetle. The boulder beetle bites you!!
* * * LOW MAGIC WARNING * * *
You die...

##.)###.........#
##.)#######.....#
##..)...#######.#
...##.....### ###
.#...####.B.######
.###.## #.#.#....#
......# #........#
####### ####...).#
##..B@# #....#
######


You could see 2 boulder beetles.

Vanquished Creatures
  A centaur warrior (D:9)
  Sigmund (D:4)
  A wyvern (D:6)
  A black bear (D:4)
  2 ice beasts
  2 sky beasts (D:8)
  4 centaurs
  An ogre (D:7)
  2 kobold brigands (D:8)
  2 bullfrogs
  3 scorpions
  18 wights
  2 howler monkeys (D:9)
  3 orc priests
  A gnoll bouda (D:8)
  3 hounds
  A jelly (D:7)
  2 iguanas (D:5)
  2 orc wizards (D:9)
  A mummy (Ossuary)
  2 adders
  3 gnolls (D:8)
  2 shadow imps
  A white imp (D:6)
  An ufetubus (D:6)
  3 worms
  10 orcs
  5 spectral bats (Ossuary)
  3 bats
  6 endoplasms
  2 giant cockroaches
  12 gnoll zombies (Ossuary)
  6 goblins
  8 hobgoblins
  2 jackals (D:3)
  A quokka (D:1)
  4 ball pythons
  2 bat simulacra (Ossuary)
  2 frilled lizards (D:3)
  2 goblin simulacra (Ossuary)
  2 goblin zombies (Ossuary)
  7 hobgoblin zombies (Ossuary)
  18 kobolds
  4 kobold zombies (Ossuary)
  5 orc zombies (Ossuary)
  2 rats
  A rat simulacrum (Ossuary)
  5 spectral goblins (Ossuary)
  4 spectral kobolds (Ossuary)
178 creatures vanquished.

Vanquished Creatures (others)
  8 fungi
  4 plants (D:2)
12 creatures vanquished.

Grand Total: 190 creatures vanquished

Notes
Turn   | Place    | Note
-------+----------+-------------------------------------------
     0 | D:1      | Pooter the Minotaur Berserker began the quest for the Orb.
     0 | D:1      | Reached XP level 1. HP: 19/19 MP: 0/0
   181 | D:1      | Reached XP level 2. HP: 27/27 MP: 1/1
   275 | D:1      | Reached skill level 4 in Axes
   562 | D:2      | Reached skill level 1 in Stealth
   754 | D:2      | Found a faded altar of an unknown god.
   972 | D:2      | Reached XP level 3. HP: 33/33 MP: 2/2
  1283 | D:3      | Reached ** piety under Trog
  1452 | D:3      | Found a runed translucent gate.
  1453 | D:3      | Found a runed translucent gate.
  1458 | D:3      | Found a runed translucent gate.
  1458 | D:3      | Noticed qeuew's ghost (amateur TeBe)
  2073 | D:4      | Noticed an ice beast
  2080 | D:4      | Killed an ice beast
  2081 | D:4      | Reached skill level 5 in Axes
  2081 | D:4      | Reached XP level 4. HP: 41/41 MP: 3/3
  2081 | D:4      | Reached XP level 5. HP: 47/47 MP: 4/4
  2129 | D:4      | Noticed Sigmund
  2132 | D:4      | Killed Sigmund
  2133 | D:4      | Reached skill level 6 in Axes
  2133 | D:4      | Reached XP level 6. HP: 55/55 MP: 5/5
  2425 | D:4      | Reached skill level 5 in Fighting
  2775 | D:5      | Entered Level 5 of the Dungeon
  2820 | D:5      | Found a white marble altar of Elyvilon.
  2842 | D:5      | Reached XP level 7. HP: 58/61 MP: 6/6
  2883 | D:5      | Found a snail-covered altar of Cheibriados.
  2927 | D:5      | Found Ositifoud's Magic Scroll Emporium.
  2931 | D:5      | Bought a scroll of identify for 22 gold pieces
  2931 | D:5      | Bought a scroll of identify for 22 gold pieces
  2931 | D:5      | Bought a scroll of identify for 22 gold pieces
  2931 | D:5      | Bought a scroll of blinking for 82 gold pieces
  2931 | D:5      | Bought a scroll of identify for 22 gold pieces
  2990 | D:5      | Found Xeqaluo's Assorted Antiques.
  2994 | D:5      | Bought an amethyst potion for 26 gold pieces
  3075 | D:5      | Found Wukud's Distillery.
  3090 | D:5      | Reached skill level 7 in Axes
  3362 | D:5      | Bought 2 potions of curing for 66 gold pieces
  3511 | D:5      | Found Paar's Magic Scroll Shop.
  3707 | D:6      | Noticed a wyvern
  3769 | D:6      | Killed a wyvern
  3870 | D:6      | Found a staircase to the Ecumenical Temple.
  3960 | D:6      | Reached skill level 5 in Stealth
  3960 | D:6      | Reached XP level 8. HP: 70/70 MP: 7/7
  4066 | D:5      | Bought a potion of flight for 33 gold pieces
  4159 | D:6      | Found a blossoming altar of Fedhas.
  4169 | D:6      | Found a broken altar of Ashenzari.
  4170 | D:6      | Found the +5 woodcutter's axe
  4208 | D:6      | Found a glowing golden altar of the Shining One.
  4472 | D:7      | Reached skill level 8 in Axes
  4607 | D:7      | Found a sparkling altar of Nemelex Xobeh.
  4840 | D:7      | You fall into a shaft and drop 1 floor!
  4917 | D:8      | Found Qupus's Weapon Boutique.
  4931 | D:8      | Reached skill level 9 in Axes
  4934 | D:8      | Found a stormy altar of Qazlal.
  4955 | D:8      | Bought a +0 arbalest for 63 gold pieces
  4967 | D:8      | Found a shadowy altar of Dithmenos.
  5002 | D:8      | Found a radiant altar of Vehumet.
  5019 | D:8      | Reached *** piety under Trog
  5022 | D:8      | Reached skill level 1 in Ranged Weapons
  5028 | D:8      | Reached XP level 9. HP: 79/79 MP: 8/8
  5041 | D:8      | Found a sand-covered staircase.
  5045 | Ossuary  | Entered an ossuary
  5150 | Ossuary  | Reached **** piety under Trog
  5622 | D:5      | Bought a scroll of teleportation for 33 gold pieces
  5871 | D:7      | Reached skill level 10 in Axes
  6904 | D:9      | Noticed a centaur warrior
  6920 | D:9      | Killed a centaur warrior
  6921 | D:9      | Reached skill level 11 in Axes
  6921 | D:9      | Reached skill level 5 in Ranged Weapons
  7066 | D:9      | Noticed a boulder beetle
  7068 | D:9      | Noticed a boulder beetle
  7201 | D:9      | Noticed a troll
  7208 | D:8      | Mangled by a boulder beetle

Illustrated notes

Levels and vault maps discovered:
D:1:      wander_arrival_desolate, layout_basic, minmay_cupped
D:2:      minmay_evil_eye, layout_loops_ring, dreamdust_ecumenical_altar_grove
D:3:      layout_loops_ring, biasface_ghost_orc_armoury
D:4:      layout_basic, serial_aquarium, aquarium_bridge_square
          [aquarium_subvault_bridge, aquarium_subvault_bridge,
          aquarium_subvault_bridge, aquarium_subvault_window],
          aquarium_bridge_square [aquarium_subvault_bridge,
          aquarium_subvault_bridge, aquarium_subvault_window,
          aquarium_subvault_balcony], aquarium_window_2, aquarium_window_fake,
          aquarium_window_corridor_2, aquarium_window_2, aquarium_view_2e,
          aquarium_pool_four, kennysheep_potato, uniq_sigmund
D:5:      layout_gridville, elyvilon_altar_5, cheibriados_altar_1, serial_shops,
          nicolae_shop_trees, shop, nicolae_shop_rolling_square,
          nicolae_shop_back_alley_shop
D:6:      layout_rooms, nicolae_tso_carved_into_rock, fedhas_altar_2,
          ashenzari_conservatory_becter, minmay_temple_entry_grid
D:7:      nicolae_cairo_tiling_large, layout_rooms, nemelex_dance_club_becter
D:8:      layout_rooms, vehumet_statue, nicolae_qazlal_beasts_of_the_sky,
          mainiacjoe_overflow_cross_hatched, serial_shops, shop,
          nicolae_ossuary_entry_plus
D:9:      layout_loops_cross, lemuel_round_altar, minmay_hedge_maze,
          minmay_radiant

Skill      XL: |  1  2  3  4  5  6  7  8  9 |
---------------+----------------------------+-----
Axes           | 4 5 6 7 9 11 | 11.4
Stealth        | 1 2 3 4 5 6 |  6.4
Fighting       | 4 5 6 7 8 |  8.5
Ranged Weapons | 1 5 |  5.8
Armour         | |  2.4
Dodging        | |  2.1

Action                     |  1- 3 |  4- 6 |  7- 9 || total
---------------------------+-------+-------+-------++-------
  Melee: Hand axe          |    49 |       |       ||    49
         Headbutt          |     7 |     2 |    42 ||    51
         Punch             |     1 |       |       ||     1
         War axe           |    39 |    15 |    56 ||   110
         Battleaxe         |       |       |   148 ||   148
   Fire: Arbalest          |       |       |    48 ||    48
  Throw: Dart              |       |     7 |     3 ||    10
 Invoke: Berserk           |       |     1 |     9 ||    10
         Trog's Hand       |       |       |     3 ||     3
  Evoke: Wand              |     4 |       |     9 ||    13
    Use: Scroll            |     7 |     2 |    26 ||    35
 Armour: Animal skin       |     6 |       |       ||     6
         Chain mail        |    24 |    13 |   117 ||   154
  Dodge: Dodged            |    28 |     6 |   104 ||   138
  Block: Kite shield       |    11 |     6 |    11 ||    28

Table legend: (Time is in decaauts)
 A = Elapsed time spent in this place.
 B = Non-inter-level travel time spent in this place.
 C = Inter-level travel time spent in this place.
 D = Time resting spent in this place.
 E = Time spent auto-exploring this place.
 F = Levels seen in this place.
 G = Mean time per level.
                   A        B        C        D        E       F      G
               +--------+--------+--------+--------+--------+-----+--------+
         Total |   7390 |   6912 |    478 |    996 |   4471 |  10 |  739.0 |
       Dungeon |   6923 |   6445 |    478 |    846 |   4373 |   9 |  769.2 |
       Ossuary |    466 |    466 |      0 |    150 |     98 |   1 |  466.0 |
               +--------+--------+--------+--------+--------+-----+--------+

Top non-repeatable levels by time:
     D:5: 1149 daAuts
     D:8: 902 daAuts
     D:7: 884 daAuts
     D:4: 857 daAuts
     D:3: 721 daAuts
     D:2: 671 daAuts
     D:6: 632 daAuts
     D:1: 558 daAuts
     D:9: 546 daAuts
 Ossuary: 466 daAuts
